 Dungeon Crawl Stone Soup version 0.25.1-2-g60ff931df9 (webtiles) character file.

Game seed: 6661308405123448113

4206 miket3c the Cleaver (level 10, -12/91 HPs)
             Began as a Minotaur Berserker on Sept 30, 2020.
             Was an Elder of Trog.
             Mangled by a large abomination (26 damage)
             ... on level 1 of the Abyss.
             The game lasted 00:14:44 (7816 turns).

miket3c the Cleaver (Minotaur Berserker)            Turns: 7816, Time: 00:14:44

Health: -12/91     AC:  8    Str: 24    XL:     10   Next: 8%
Magic:  9/9        EV: 12    Int:  4    God:    Trog [****..]
Gold:   394        SH:  0    Dex: 14    Spells: 9/9 levels left

rFire    + . .     SeeInvis +   x - +0 war axe
rCold    x . .     Gourm    .   (no shield)
rNeg     + . .     Faith    .   w - +0 scale mail
rPois    .         Spirit   .   (helmet restricted)
rElec    .         Reflect  .   (no cloak)
rCorr    .         Harm     .   (no gloves)
MR       .....                  (no boots)
Stlth    ..........             (no amulet)
HPRegen  0.25/turn              y - ring "Xurch" {Fire rN+ Dex+3 SInv}
MPRegen  0.11/turn              (no ring)

@: no status effects
A: retaliatory headbutt, horns 2
a: Berserk, Trog's Hand, Brothers in Arms, Renounce Religion


You were on level 1 of the Abyss.
You worshipped Trog.
Trog was greatly pleased with you.
You were not hungry.

You visited 1 branch of the dungeon, and saw 8 of its levels.
You visited the Abyss 1 time.

You collected 394 gold pieces.

Inventory:

Hand Weapons
 a - a +0 hand axe
 x - a +0 war axe (weapon)
Missiles
 i - 197 stones (quivered)
Armour
 b - a +0 animal skin
 f - a +0 ring mail
 w - a +0 scale mail (worn)
Jewellery
 y - the ring "Xurch" (left hand) {Fire rN+ Dex+3 SInv}
   (You found it on level 4 of the Dungeon)

   [ring of fire]

   It enhances your fire magic.
   It affects your dexterity (+3).
   It protects you from fire.
   It makes you vulnerable to cold.
   It protects you from negative energy.
   It lets you see invisible.
 F - a +4 ring of protection {unknown}
Wands
 s - a wand of paralysis (20)
Scrolls
 d - 2 scrolls of enchant armour
 e - a scroll of identify
 j - 4 scrolls of magic mapping
 k - 3 scrolls of immolation
 m - 5 scrolls of random uselessness
 q - 3 scrolls of remove curse {unknown}
 t - a scroll of amnesia {unknown}
 u - 2 scrolls of noise {unknown}
 A - 2 scrolls of fog
 B - a scroll of enchant weapon {unknown}
 E - 3 scrolls of blinking {unknown}
Potions
 g - a potion of heal wounds {unknown}
 h - 7 potions of degeneration
 l - 3 potions of flight
 n - 5 potions of haste
 o - 5 potions of curing
 p - 2 potions of might {unknown}
 r - 3 potions of stabbing
 v - 2 potions of invisibility {unknown}
 z - 2 potions of cancellation {unknown}
 C - a potion of ambrosia {unknown}
 D - a potion of lignification {unknown}
Comestibles
 c - 22 rations


   Skills:
 * Level 9.6 Fighting
 * Level 12.9 Axes
 + Level 0.8 Throwing
 + Level 7.4 Armour
 + Level 3.7 Dodging


You had 9 spell levels left.
You didn't know any spells.
Your spell library was empty.

Dungeon Overview and Level Annotations

Branches:
Dungeon (8/15)             Temple (0/1) D:6
   Lair: D:8-11

Altars:
Cheibriados

Shops:
D:5 (

Annotations:
D:8 Psyche


Innate Abilities, Weirdness & Mutations

You reflexively headbutt those who attack you in melee.
You have a pair of horns on your head.


Message History

This branch contains the abyssal rune of Zot.
You feel better.
A large abomination comes into view.
The large abomination hits you!!
Found 2 rations.
You are too injured to fight recklessly!
You are too injured to fight recklessly!
You are too injured to fight recklessly!
You are too injured to fight recklessly!
You are too injured to fight recklessly!
You are too injured to fight recklessly!
You hit the large abomination.
Your headbutt misses the large abomination.
The large abomination is lightly damaged.
The large abomination hits you!
* * * LOW HITPOINT WARNING * * *
You hit the large abomination.
The large abomination is lightly damaged.
The large abomination hits you!!
You die...

## ###% %.### .
. # .#..
#..#..# # ... .
...# ..
..#..#.# #.
..#...# . #.
#X..#.#
...#.##@#..# ..
#............
#..##...##.....
#.##...#.#. ..#
#...... #.#.
.#.... .. . .
... . .. #. #.
.. .#


You could see a large abomination.

Vanquished Creatures
  A two-headed ogre (D:8)
  A troll (D:7)
  A hippogriff (D:8)
  2 wyverns (D:8)
  Eustachio (D:4)
  4 hogs (D:7)
  A human (D:7)
  Menkaure (D:4)
  Duvessa (D:4)
  A water moccasin (D:8)
  An ice beast (D:7)
  2 ogres
  A phantom (D:6)
  A centaur (D:6)
  A crocodile (D:8)
  A big kobold (D:8)
  A bullfrog (D:6)
  Dowan (D:4)
  A scorpion (D:4)
  A water moccasin skeleton (D:7)
  2 howler monkeys (D:8)
  A centaur zombie (D:8)
  3 hounds
  3 crimson imps
  A bullfrog skeleton (D:4)
  A centaur skeleton (D:4)
  An iguana (D:4)
  6 orc wizards
  5 worker ants
  A hound zombie (D:8)
  A howler monkey zombie (D:6)
  A worker ant zombie (D:5)
  11 adders
  9 gnolls
  2 shadow imps
  2 oozes
  3 worms
  3 dart slugs
  3 leopard geckos
  10 orcs
  2 ball pythons
  3 giant cockroaches (D:1)
  5 goblins
  5 hobgoblins
  5 jackals
  5 quokkas
  11 bats
  6 frilled lizards
  6 kobolds
  A leopard gecko skeleton (D:7)
  A quokka skeleton (D:8)
  9 rats
153 creatures vanquished.

Notes
Turn   | Place    | Note
-------+----------+-------------------------------------------
     0 | D:1      | miket3c the Minotaur Berserker began the quest for the Orb.
     0 | D:1      | Reached XP level 1. HP: 19/19 MP: 0/0
   318 | D:1      | Reached XP level 2. HP: 27/27 MP: 1/1
   325 | D:1      | Reached skill level 4 in Axes
   796 | D:1      | Reached XP level 3. HP: 33/33 MP: 2/2
   986 | D:1      | Reached ** piety under Trog
  1490 | D:2      | Reached XP level 4. HP: 39/41 MP: 3/3
  1574 | D:2      | Reached skill level 5 in Axes
  3011 | D:4      | Noticed Menkaure
  3017 | D:4      | Noticed an ogre
  3022 | D:4      | Killed Menkaure
  3022 | D:4      | Reached skill level 5 in Fighting
  3022 | D:4      | Reached skill level 6 in Axes
  3022 | D:4      | Reached XP level 5. HP: 33/48 MP: 4/4
  3025 | D:4      | Killed an ogre
  3025 | D:4      | Reached XP level 6. HP: 39/56 MP: 5/5
  3230 | D:4      | Reached skill level 7 in Axes
  3232 | D:4      | Reached *** piety under Trog
  3320 | D:4      | Reached XP level 7. HP: 51/62 MP: 6/6
  3578 | D:4      | Noticed Dowan
  3578 | D:4      | Noticed Duvessa
  3592 | D:4      | Killed Duvessa
  3600 | D:4      | Killed Dowan
  3917 | D:4      | Noticed Eustachio
  3937 | D:3      | Reached skill level 8 in Axes
  4139 | D:4      | Killed Eustachio
  4301 | D:4      | Got a pitted bone ring
  4531 | D:5      | Entered Level 5 of the Dungeon
  4774 | D:5      | Found a snail-covered altar of Cheibriados.
  5030 | D:5      | Found Seabbap's Weapon Shop.
  5076 | D:5      | Reached XP level 8. HP: 71/71 MP: 7/7
  5202 | D:5      | Reached skill level 5 in Armour
  5303 | D:6      | Reached skill level 9 in Axes
  5368 | D:5      | Identified the ring "Xurch" {Fire rN+ Dex+3 SInv} (You
                  | found it on level 4 of the Dungeon)
  5647 | D:6      | Found a staircase to the Ecumenical Temple.
  5986 | D:7      | Reached skill level 10 in Axes
  5991 | D:7      | Reached XP level 9. HP: 50/81 MP: 8/8
  5993 | D:7      | Reached skill level 11 in Axes
  6403 | D:7      | Noticed a troll
  6409 | D:7      | Killed a troll
  6648 | D:7      | Reached **** piety under Trog
  6955 | D:8      | Reached skill level 12 in Axes
  6958 | D:8      | Got a steaming ring mail
  7073 | D:8      | Identified the cursed +1 ring mail "Iboebre" {Int+2} (You
                  | found it on level 8 of the Dungeon)
  7349 | D:8      | Noticed a two-headed ogre
  7355 | D:8      | Killed a two-headed ogre
  7597 | D:8      | Reached XP level 10. HP: 66/91 MP: 9/9
  7756 | D:8      | Noticed Psyche
  7770 | D:8      | Cast into level 1 of the Abyss (Psyche)
  7812 | Abyss:1  | Noticed a large abomination
  7816 | Abyss:1  | Mangled by a large abomination

Illustrated notes

Levels and vault maps discovered:
D:1:      dpeg_arrival_arbitrary_a, layout_loops_corners, roderic_lattice_a
D:2:      layout_basic
D:3:      layout_loops_ring, minmay_misc_feat_alley
D:4:      layout_layer_cave, first_ration, uniq_eustachio, uniq_menkaure,
          uniq_duvessa
D:5:      layout_basic, nicolae_overflow_crystal_walls, serial_shops, shop
D:6:      layout_basic, temple_fountains
D:7:      layout_rooms, enter_bailey_7, grunt_livestock
D:8:      layout_loops_ring, erik_lair_dragon, serial_shops, shop,
          hangedman_decor_riveting, uniq_psyche, uniq_prince_ribbit1,
          uniq_maurice
Abyss:1:  base: D:7, base:
D:8

Skill      XL: |  1  2  3  4  5  6  7  8  9 |
---------------+----------------------------+-----
Fighting       | 4 5 6 7 9 |  9.6
Axes           | 4 6 7 8 10 12 | 12.9
Armour         | 3 4 5 7 |  7.4
Dodging        | 3 |  3.7
Throwing       | |  0.8

Action                   |  1- 3 |  4- 6 |  7- 9 | 10-12 || total
-------------------------+-------+-------+-------+-------++-------
Melee: Hand axe          |    63 |    64 |       |       ||   127
       Headbutt          |     9 |    11 |    49 |     4 ||    73
       War axe           |       |       |   225 |    13 ||   238
Throw: Stone             |       |    13 |     9 |       ||    22
Invok: Berserk           |       |     2 |     4 |       ||     6
       Trog's Hand       |       |     1 |     2 |       ||     3
  Use: Scroll            |       |       |     8 |       ||     8
       Potion            |       |       |     2 |     3 ||     5
  Eat: Chunk             |     1 |     5 |    10 |       ||    16
       Ration            |       |     1 |     3 |       ||     4
Armor: Animal skin       |     8 |       |       |       ||     8
       Ring mail         |     2 |    25 |     8 |       ||    35
       Scale mail        |       |       |    72 |     2 ||    74
Dodge: Dodged            |    44 |    43 |   136 |     6 ||   229
